 Dungeon Crawl Stone Soup version 0.28-a0-773-g130ae17fe5 (webtiles) character file.

Game seed: 11391402852519484853

1695 ders the Fighter (level 9, -1/60 HPs)
             Began as a Gargoyle Fighter on Nov 2, 2021.
             Was an Initiate of Yredelemnul.
             Slain by an orc warrior (9 damage)
             ... on level 6 of the Dungeon.
             The game lasted 00:09:08 (5979 turns).

ders the Fighter (Gargoyle Fighter)                 Turns: 5979, Time: 00:09:08

Health: -1/60      AC: 16    Str: 23    XL:     9   Next: 3%
Magic:  9/9        EV:  8    Int:  9    God:    Yredelemnul [......]
Gold:   324        SH:  0    Dex:  9    Spells: 8/8 levels left

rFire   + . .      SeeInvis .   z - +0 dire flail (drain)
rCold   . . .      Faith    .   (shield currently unavailable)
rNeg    + . .      Spirit   .   w - +1 chain mail {Will+}
rPois   ∞          Reflect  .   (no helmet)
rElec   +          Harm     .   n - scarf {+Inv}
rCorr   .          Rampage  .   (no gloves)
Will    +....                   (no boots)
Stlth   ..........              g - amulet of the acrobat
HPRegen 0.20/turn               h - ring of fire
MPRegen 0.11/turn               t - ring of protection from cold

@: no status effects
A: sickness immunity, AC +6, negative energy resistance 1, electricity
resistance, torment resistance 1, petrification resistance
a: Renounce Religion, Evoke Invisibility


You were on level 6 of the Dungeon.
You worshipped Yredelemnul.
Yredelemnul was noncommittal.
You visited 2 branches of the dungeon, and saw 7 of its levels.

You collected 324 gold pieces.

Inventory:

Hand Weapons
 a - a +0 flail
 z - a +0 dire flail of draining (weapon)
Armour
 b - a +0 scale mail
 c - a +0 buckler
 n - a scarf of invisibility (worn)
 q - a +2 cloak
 w - a +1 chain mail of willpower (worn)
Jewellery
 d - an amulet of magic regeneration
 g - an amulet of the acrobat (around neck)
 h - a ring of fire (left hand)
 t - a ring of protection from cold (right hand)
 B - a ring of positive energy
Wands
 o - a wand of flame (19)
Scrolls
 i - 11 scrolls of identify {unknown}
 l - a scroll of enchant weapon {unknown}
 m - a scroll of summoning {unknown}
 p - a scroll of fog {unknown}
 u - 2 scrolls of teleportation {unknown}
 x - a scroll of enchant armour {unknown}
 y - 2 scrolls of fear {unknown}
Potions
 e - 2 potions of flight {unknown}
 f - 4 potions of curing {unknown}
 j - 3 potions of haste {unknown}
 k - a potion of heal wounds {unknown}
 r - a potion of lignification {unknown}
 s - 2 potions of resistance {unknown}
 v - a potion of attraction {unknown}
 A - 2 potions of degeneration {unknown}


   Skills:
 * Level 8.6 Fighting
 * Level 7.5 Maces & Flails
 - Level 3.8 Armour
 - Level 3.7 Shields
 + Level 3.1 Evocations


You had 8 spell levels left.
You didn't know any spells.
Your spell library contained the following spells:

 Spells                   Type           Power      Damage    Failure   Level
 Summon Small Mammal      Summ           0%         N/A       97%         1
 Corpse Rot               Necr/Air       0%         N/A       99%         2
 Poisonous Vapours        Pois/Air       0%         N/A       99%         2
 Call Canine Familiar     Summ           0%         N/A       100%        3
 Summon Guardian Golem    Hex/Summ       0%         N/A       100%        3


Dungeon Overview and Level Annotations

Branches:
Dungeon (6/15)             Temple (1/1) D:6

Altars:
Ashenzari
Cheibriados
Dithmenos
Elyvilon
Fedhas
Gozag
Hepliaklqana
Kikubaaqudgha
Makhleb
Nemelex Xobeh
Okawaru
Qazlal
Ru
Sif Muna
Trog
Uskayaw
Vehumet
Wu Jian
Xom
Yredelemnul
Zin
The Shining One

Shops:
D:3 *


Innate Abilities, Weirdness & Mutations

You are immune to sickness and miasma.
Your stone body is resilient. (AC +6)
You are immune to poison.
You resist negative energy. (rN+)
You are resistant to electric shocks. (rElec)
You are resistant to unholy torment.
You are immune to petrification.


Message History

You kill the steam dragon!
Yredelemnul accepts your kill. The orc wizard closely misses you.
Your Evocations skill increases to level 3!
You have reached level 9!
Your experience leads to an increase in your attributes!
Increase (S)trength, (I)ntelligence, or (D)exterity?
You feel stronger.
You closely miss the orc wizard.
The orc wizard hits you but does no damage.
You closely miss the orc wizard.
You hit the orc warrior but do no damage.
The orc closely misses you.
You hit the orc wizard. You drain the orc wizard.
The orc wizard is heavily wounded.
The orc warrior closely misses you. The orc barely misses you.
You miss the orc wizard.
The orc wizard is heavily wounded.
The orc wizard hits you with a +4 dagger.
The orc hits you with a +0 war axe. The orc warrior closely misses you.
You sock the orc wizard!
You kill the orc wizard!
Yredelemnul accepts your kill. The orc hits you but does no damage.
The orc warrior hits you with a +0 war axe.
You puncture the orc warrior!
The orc warrior is heavily wounded.
The orc warrior closely misses you. The orc hits you but does no damage.
You hit the orc warrior.
The orc warrior is severely wounded.
The orc hits you with a +0 war axe! The orc warrior barely misses you.
You barely miss the orc. The orc hits you with a +0 war axe!
The orc warrior hits you with a +0 war axe!
* * * LOW HITPOINT WARNING * * *
You barely miss the orc warrior.
The orc warrior is severely wounded.
The orc completely misses you.
The orc warrior hits you with a +0 war axe!
You die...
Your body rises from the dead as a mindless zombie.

#....###
####.##...#
#.....##..#
#..⌠..##..##
#.....###..#
#⌠.>.⌠.#...#
#......#...#
#..⌠.....###
#....@o.##
#####o)##
#...## #..##
#.. #.. #..
#.. #..


You could see an orc warrior and an orc.

Vanquished Creatures
  Sigmund (D:4)
  A steam dragon (D:6)
  Edmund (D:5)
  A water moccasin (D:6)
  An ice beast (D:6)
  A black bear (D:4)
  2 necrophages
  An ogre (D:6)
  A phantom (D:5)
  3 scorpions
  A water moccasin skeleton (D:4)
  2 hounds (D:5)
  A jelly (D:5)
  A centaur skeleton (D:5)
  A bullfrog skeleton (D:4)
  An iguana (D:6)
  An orc wizard (D:6)
  A hound zombie (D:5)
  A hound skeleton (D:4)
  4 gnolls
  10 adders
  An ufetubus (D:4)
  2 worms
  The ghost of flotson the Sneak, a weakling DsDe (D:4)
  3 dart slugs
  6 orcs
  A bat (D:1)
  6 endoplasms
  5 giant cockroaches
  4 goblins
  5 hobgoblins
  6 jackals
  3 quokkas
  3 ball pythons
  A frilled lizard (D:2)
  4 kobolds
  4 rats
92 creatures vanquished.

Vanquished Creatures (others)
  An orc wizard (D:6)
1 creature vanquished.

Grand Total: 93 creatures vanquished

Notes
Turn   | Place    | Note
-------+----------+-------------------------------------------
     0 | D:1      | ders the Gargoyle Fighter began the quest for the Orb.
     0 | D:1      | Reached XP level 1. HP: 14/14 MP: 1/1
   302 | D:1      | Reached XP level 2. HP: 19/19 MP: 2/2
   357 | D:1      | Found a bloodstained altar of Trog.
  1308 | D:2      | Reached XP level 3. HP: 23/23 MP: 3/3
  1933 | D:3      | Reached XP level 4. HP: 29/29 MP: 4/4
  1956 | D:3      | Reached skill level 4 in Fighting
  1974 | D:3      | Found Wacwerhin's General Store.
  2356 | D:3      | You fall into a shaft and drop 1 floor!
  2860 | D:4      | Reached XP level 5. HP: 32/34 MP: 5/5
  3033 | D:4      | Reached skill level 5 in Fighting
  3096 | D:4      | Noticed Sigmund
  3114 | D:4      | Killed Sigmund
  3115 | D:4      | Reached XP level 6. HP: 36/41 MP: 6/6
  3184 | D:4      | Noticed flotson's ghost (weakling DsDe)
  3189 | D:4      | Found a runed translucent door.
  3207 | D:4      | Killed flotson's ghost
  3373 | D:4      | Reached skill level 6 in Fighting
  3395 | D:4      | Reached skill level 5 in Maces & Flails
  3395 | D:4      | Reached XP level 7. HP: 42/46 MP: 7/7
  3763 | D:5      | Entered Level 5 of the Dungeon
  4246 | D:5      | Reached skill level 1 in Evocations
  4274 | D:5      | Reached skill level 7 in Fighting
  4581 | D:5      | Reached XP level 8. HP: 45/53 MP: 8/8
  4774 | D:5      | Noticed Edmund
  4798 | D:5      | Killed Edmund
  5434 | D:6      | Reached skill level 8 in Fighting
  5730 | D:6      | Found a staircase to the Ecumenical Temple.
  5746 | Temple   | Entered the Ecumenical Temple
  5922 | Temple   | Became a worshipper of Yredelemnul the Dark
  5970 | D:6      | Reached XP level 9. HP: 42/60 MP: 9/9
  5979 | D:6      | Slain by an orc warrior

Illustrated notes

Levels and vault maps discovered:
D:1:      dpeg_arrival_three_bigger_balls, layout_basic, kennysheep_flooded_box,
          chequers_serial_rivers_large_a, minmay_domino_4
D:2:      layout_loops_ring, wander_ebering_terrifying_dragon_lair
D:3:      layout_rooms, serial_shops, nicolae_shop_trees
D:4:      layout_gridville, hellmonk_ghost_happy_afterlife, uniq_sigmund
D:5:      layout_basic, wad_floor_pattern_untrapped, minmay_misc_feat_square,
          uniq_edmund
D:6:      layout_layer_cave, temple_fountains, serial_shops, shop,
          nicolae_wooded_promenade
Temple:   compressed_dpeg_circular_temple

Skill      XL: |  1  2  3  4  5  6  7  8 |
---------------+-------------------------+-----
Fighting       | 4 5 6 7 8 |  8.6
Maces & Flails | 3 4 5 6 7 |  7.5
Evocations     | 1 3 |  3.1
Armour         | |  3.8
Shields        | |  3.7

Action                   |  1- 3 |  4- 6 |  7- 9 || total
-------------------------+-------+-------+-------++-------
Melee: Flail             |   102 |   104 |   162 ||   368
       Dire flail        |       |       |    58 ||    58
  Use: Potion            |       |     1 |     1 ||     2
Armor: Scale mail        |    54 |    59 |    28 ||   141
       Chain mail        |       |       |   164 ||   164
Dodge: Dodged            |    41 |    51 |   114 ||   206
Block: Buckler           |    14 |    19 |    35 ||    68

Table legend: (Time is in decaauts)
 A = Elapsed time spent in this place.
 B = Non-inter-level travel time spent in this place.
 C = Inter-level travel time spent in this place.
 D = Time resting spent in this place.
 E = Time spent auto-exploring this place.
 F = Levels seen in this place.
 G = Mean time per level.
                   A        B        C        D        E       F      G
               +--------+--------+--------+--------+--------+-----+--------+
         Total |   6063 |   5693 |    370 |   1236 |   3523 |   7 |  866.1 |
       Dungeon |   5876 |   5543 |    333 |   1236 |   3394 |   6 |  979.3 |
        Temple |    186 |    149 |     37 |      0 |    129 |   1 |  186.0 |
               +--------+--------+--------+--------+--------+-----+--------+

Top non-repeatable levels by time:
     D:4: 1376 daAuts
     D:5: 1275 daAuts
     D:1: 1115 daAuts
     D:3: 839 daAuts
     D:2: 829 daAuts
     D:6: 440 daAuts
  Temple: 186 daAuts
